 Dungeon Crawl Stone Soup version 0.28-a0-94-g325244837d (webtiles) character file.

Game seed: 6621841908846064524

18 Leeroy the Slasher (level 2, 23/23 HPs)
             Began as a Palentonga Warper on Aug 7, 2021.
             Was a Follower of Jiyva.
             Got out of the dungeon alive.
             The game lasted 00:01:18 (929 turns).

Leeroy the Slasher (Palentonga Warper)               Turns: 929, Time: 00:01:18

Health: 23/23      AC:  4    Str: 14    XL:     2   Next: 48%
Magic:  5/5        EV:  9    Int: 13    God:    Jiyva [*.....]
Gold:   31         SH:  0    Dex:  9    Spells: 5/5 levels left

rFire   . . .      SeeInvis +   a - +0 falchion
rCold   . . .      Faith    .   (no shield)
rNeg    . . .      Spirit   .   b - +0 leather armour
rPois   .          Reflect  .   (no helmet)
rElec   .          Harm     .   (no cloak)
rCorr   .          Rampage  .   (no gloves)
Will    .....                   (no barding)
Stlth   +.........              (no amulet)
HPRegen 0.07/turn               (no ring)
MPRegen 0.09/turn               (no ring)

@: no status effects
A: large, rugged brown scales 3, see invisible, deformed body, roll 1, armoured
tail
a: Rolling Charge, Renounce Religion, Request Jelly


You escaped.
You worshipped Jiyva.
Jiyva was aware of your devotion.
You visited 1 branch of the dungeon, and saw 1 of its levels.

You collected 31 gold pieces.

Inventory:

Hand Weapons
 a - a +0 falchion (weapon)
Missiles
 d - 5 boomerangs of dispersal (quivered)
Armour
 b - a +0 leather armour (worn)
Scrolls
 c - a scroll of blinking
 g - a scroll of enchant weapon {unknown}
Potions
 e - a potion of haste {unknown}
 f - a potion of degeneration {unknown}
 h - a potion of heal wounds {unknown}
 i - a potion of curing {unknown}


   Skills:
 - Level 2.0 Fighting
 + Level 3.1 Long Blades
 - Level 0.6 Throwing
 - Level 0.7 Armour
 - Level 1.5 Dodging
 - Level 2.0 Spellcasting
 - Level 3.0 Translocations


You had 5 spell levels left.
You didn't know any spells.
Your spell library contained the following spells:

 Spells                   Type           Power      Damage    Failure   Level
 Blink                    Tloc           N/A        N/A       14%         2
 Gell's Gravitas          Tloc           4%         N/A       28%         3
 Lesser Beckoning         Tloc           4%         N/A       28%         3
 Teleport Other           Tloc           9%         N/A       28%         3
 Manifold Assault         Tloc           9%         N/A       95%         5


Dungeon Overview and Level Annotations

Branches:
Dungeon (1/15)

Altars:
Jiyva


Innate Abilities, Weirdness & Mutations

You are completely covered in rugged brown scales. (AC +3, +7% HP)
You have supernaturally acute eyesight. (SInv)
Armour fits poorly on your strangely shaped body.
You can roll at nearby foes to attack.
You have a long armoured tail.


Message History

You hit the kobold.
You kill the kobold!
You hit the goblin.
The goblin is moderately wounded.
The goblin barely misses you.
You riposte.
You hit the goblin but do no damage.
The goblin is moderately wounded.
You closely miss the goblin. You tail-slap the goblin.
You kill the goblin!
No target in view!
No target in view!
No target in view!
You hear a distant slurping noise.
You hear a distant slurping noise.
You hear a distant slurping noise.
Jiyva appreciates your sacrifice.
You hear a distant slurping noise.
You hear a slurping noise.
Jiyva appreciates your sacrifice.
Things that are here:
a +0 dagger; a +0 club; a kobold corpse You hear a slurping noise.
Jiyva appreciates your sacrifice. x2
You hear a slurping noise.
Jiyva appreciates your sacrifice.
Done exploring.
Done exploring.
No target in view!
Done exploring.
Done exploring.
There is a stone staircase leading down here.
You can't go up here!
Unknown command.
Are you sure you want to abandon this character and quit the game? (Confirm with "yes".)
Okay, then.
Unknown command.
Unknown command.
There is a fountain of clear blue water here.
There is a staircase leading out of the dungeon here.
Are you sure you want to leave the Dungeon?
This will make you lose the game!
You have escaped!

#..####.# #.# #.# #. #..#
#.###.######## #.# #.
#..####.....>......# #.# #.
#.†.........######.## #.# #.
#.##................# #.# #.
#.##...##♣♣♣.♣♣♣##..###.####.
#.###..# ♣⌠♣ #........... #.#
#..♣♣♣♣♣.♣♣♣♣♣...........
#.###.....⌠.@.⌠...........##.
#......♣♣♣♣♣.♣♣♣♣♣.......###.
####...# ♣⌠♣ #...........
#...##♣♣♣.♣♣♣##.......####
#.................#####
###############...# #####


There were no monsters in sight!

Vanquished Creatures
  2 endoplasms (D:1)
  A goblin (D:1)
  2 hobgoblins (D:1)
  2 jackals (D:1)
  2 quokkas (D:1)
  A ball python (D:1)
  A bat (D:1)
  2 kobolds (D:1)
  4 rats (D:1)
17 creatures vanquished.

Vanquished Creatures (others)
  A bat (D:1)
  5 plants (D:1)
6 creatures vanquished.

Grand Total: 23 creatures vanquished

Notes
Turn   | Place    | Note
-------+----------+-------------------------------------------
     0 | D:1      | Leeroy the Palentonga Warper began the quest for the Orb.
     0 | D:1      | Reached XP level 1. HP: 17/17 MP: 3/3
   240 | D:1      | Reached XP level 2. HP: 16/23 MP: 5/5
   656 | D:1      | Found a faded altar of an unknown god.
   722 | D:1      | Became a worshipper of Jiyva Jizim the Shapeless
   722 | D:1      | Reached * piety under Jiyva
   929 | D:$      | Got out of the dungeon alive.

Illustrated notes

Levels and vault maps discovered:
D:1:      scummos_arrival_forest, layout_loops_ring,
          shapermc_ecumenical_altar_acropolis, minmay_parallelograms,
          lemuel_old_faithful

Skill      XL: |  1  2 |
---------------+-------+-----
Long Blades    | 3 |  3.1
Fighting       | |  2.0
Throwing       | |  0.6
Armour         | |  0.7
Dodging        | |  1.5
Spellcasting   | |  2.0
Translocations | |  3.0

Action                   || total
-------------------------++-------
Melee: Falchion          ||    37
       Tailslap          ||     5
 Abil: Rolling Charge    ||     3
Armor: Leather armour    ||    11
Dodge: Dodged            ||    13
       Rpst.: Falchion   ||     5

Table legend: (Time is in decaauts)
 A = Elapsed time spent in this place.
 B = Non-inter-level travel time spent in this place.
 C = Inter-level travel time spent in this place.
 D = Time resting spent in this place.
 E = Time spent auto-exploring this place.
 F = Levels seen in this place.
 G = Mean time per level.
                   A        B        C        D        E       F      G
               +--------+--------+--------+--------+--------+-----+--------+
         Total |    937 |    875 |     62 |      0 |    787 |   1 |  937.0 |
       Dungeon |    937 |    875 |     62 |      0 |    787 |   1 |  937.0 |
               +--------+--------+--------+--------+--------+-----+--------+

Top non-repeatable levels by time:
     D:1: 937 daAuts
